[ AOE2 MATCH · #506891505 ]
UnrankedGeorgians vs Franks
Player's team · LOSS
Rival team · WIN
[ REPLAY ANALYSIS · EXTRACTED FROM THE RECORDED GAME ]
Feudal
9:57
Castle
19:33
Imperial
39:24
| APM avg | 85.6 |
| APM peak | 156 |
| eAPM avg | 27.0 |
| Villagers / military | 204 / 133 |
Focus
⚔️ 36.7% · 🌾 63.3%
Cavalry Archer ×60 · Skirmisher ×28 · Spearman ×21 · Archer ×12 · Trebuchet (Packed) ×4 · Monk ×3
Feudal
11:22
Castle
21:16
Imperial
38:15
| APM avg | 56.2 |
| APM peak | 100 |
| eAPM avg | 32.3 |
| Villagers / military | 180 / 127 |
Focus
⚔️ 43.3% · 🌾 56.7%
Knight ×83 · Archer ×33 · Militia ×3 · Trebuchet (Packed) ×3 · Monk ×2 · Skirmisher ×2
Match map
Initial resources + every placement click. Lines = walls · curves = elevation contours. ◆ gold · ⬟ stone · ● berries · ✦ relic · ◌ wall gap
Your base· Open — opponent sealed themselves in
The nicest husband's base· ✓ Closed at 21:16 · 76t walls · no gate
Smoothed initial terrain · ◌ = detected wall gap · hover for details
Inputs per minute
— Black Lotus - - The nicest husband
Build order — Black Lotus
First 150 of 516 actions detected
| 0:00 | Create | Villager (Male) |
| 0:00 | Create | Villager (Male) |
| 0:00 | Create | Villager (Male) |
| 0:01 | Create | Villager (Male) |
| 0:02 | Build | House |
| 0:03 | Build | House |
| 1:26 | Create | Villager (Male) |
| 1:56 | Create | Villager (Male) |
| 2:11 | Create | Villager (Male) |
| 2:37 | Build | Barracks |
| 2:40 | Create | Villager (Male) |
| 2:56 | Create | Villager (Male) |
| 3:24 | Create | Villager (Male) |
| 3:27 | Build | House |
| 3:46 | Create | Villager (Male) |
| 3:59 | Create | Militia |
| 4:19 | Create | Villager (Male) |
| 4:27 | Create | Militia |
| 4:39 | Create | Villager (Male) |
| 4:41 | Build | House |
| 4:57 | Create | Militia |
| 5:23 | Create | Villager (Male) |
| 5:47 | Create | Villager (Male) |
| 5:52 | Create | Villager (Male) |
| 6:17 | Build | Mill |
| 6:32 | Create | Villager (Male) |
| 6:50 | Create | Villager (Male) |
| 7:06 | Create | Villager (Male) |
| 7:12 | Build | House |
| 7:47 | Research | Feudal Age |
| 8:28 | Create | Villager (Male) |
| 8:42 | Create | Villager (Male) |
| 8:43 | Build | House |
| 8:46 | Build | Palisade Wall |
| 9:02 | Create | Villager (Male) |
| 9:17 | Create | Villager (Male) |
| 9:26 | Build | Farm |
| 9:41 | Create | Villager (Male) |
| 9:44 | Build | House |
| 9:49 | Create | Villager (Male) |
| 9:52 | Build | Palisade Wall |
| 9:57 | Age | Feudal Age |
| 10:03 | Research | Double-Bit Axe |
| 10:08 | Create | Villager (Male) |
| 10:14 | Research | Loom |
| 10:18 | Create | Villager (Male) |
| 10:23 | Build | Archery Range |
| 10:26 | Create | Villager (Male) |
| 10:32 | Create | Villager (Male) |
| 11:05 | Create | Villager (Male) |
| 11:07 | Build | Farm |
| 11:07 | Create | Villager (Male) |
| 11:12 | Build | Mule Cart |
| 11:21 | Build | House |
| 11:47 | Create | Villager (Male) |
| 11:49 | Build | Farm |
| 11:59 | Create | Villager (Male) |
| 12:13 | Create | Archer |
| 12:15 | Build | Mule Cart |
| 12:24 | Build | Farm |
| 12:40 | Create | Villager (Male) |
| 12:56 | Create | Villager (Male) |
| 13:05 | Create | Villager (Male) |
| 13:19 | Create | Archer |
| 13:27 | Create | Villager (Male) |
| 13:29 | Build | Farm |
| 13:32 | Build | Farm |
| 13:41 | Create | Villager (Male) |
| 13:44 | Build | Farm |
| 13:48 | Build | House |
| 13:50 | Build | Palisade Wall |
| 14:07 | Create | Villager (Male) |
| 14:09 | Build | Farm |
| 14:12 | Create | Archer |
| 14:14 | Create | Villager (Male) |
| 14:16 | Build | House |
| 14:16 | Build | Palisade Wall |
| 14:31 | Create | Villager (Male) |
| 14:37 | Build | Farm |
| 14:47 | Build | Palisade Wall |
| 14:57 | Create | Villager (Male) |
| 14:59 | Create | Villager (Male) |
| 15:01 | Build | Farm |
| 15:03 | Build | Farm |
| 15:03 | Create | Villager (Male) |
| 15:08 | Create | Villager (Male) |
| 15:09 | Build | Farm |
| 15:09 | Create | Villager (Male) |
| 15:26 | Create | Archer |
| 15:45 | Create | Villager (Male) |
| 15:51 | Build | Blacksmith |
| 15:51 | Create | Villager (Male) |
| 15:59 | Create | Archer |
| 16:06 | Build | House |
| 16:07 | Build | Palisade Wall |
| 16:33 | Create | Archer |
| 16:46 | Build | Farm |
| 16:49 | Build | Farm |
| 16:53 | Research | Castle Age |
| 16:57 | Create | Archer |
| 17:17 | Create | Archer |
| 17:28 | Build | House |
| 17:30 | Build | House |
| 17:38 | Build | House |
| 17:43 | Build | House |
| 17:44 | Build | Palisade Wall |
| 17:49 | Research | Gold Mining |
| 17:50 | Create | Archer |
| 17:56 | Research | Horse Collar |
| 18:02 | Build | Farm |
| 18:16 | Build | House |
| 18:16 | Create | Villager (Male) |
| 18:19 | Build | House |
| 18:25 | Create | Archer |
| 18:27 | Research | Fletching |
| 19:07 | Create | Archer |
| 19:13 | Build | House |
| 19:33 | Age | Castle Age |
| 19:35 | Research | Crossbowman (upgrade) |
| 19:45 | Build | Monastery |
| 19:46 | Research | Bodkin Arrow |
| 19:50 | Create | Villager (Male) |
| 20:02 | Create | Villager (Male) |
| 20:05 | Create | Villager (Male) |
| 20:09 | Build | Town Center |
| 20:21 | Create | Villager (Male) |
| 20:31 | Create | Villager (Male) |
| 20:34 | Create | Villager (Male) |
| 20:39 | Research | Bow Saw |
| 20:39 | Create | Villager (Male) |
| 20:52 | Create | Villager (Male) |
| 20:56 | Create | Villager (Male) |
| 21:01 | Create | Villager (Male) |
| 21:03 | Create | Archer |
| 21:06 | Create | Villager (Male) |
| 21:22 | Create | Villager (Male) |
| 21:25 | Build | Farm |
| 21:29 | Create | Villager (Male) |
| 21:31 | Create | Villager (Male) |
| 21:32 | Build | Farm |
| 21:49 | Create | Villager (Male) |
| 21:50 | Create | Villager (Male) |
| 21:54 | Build | Farm |
| 21:56 | Create | Villager (Male) |
| 22:11 | Build | Town Center |
| 22:16 | Create | Villager (Male) |
| 22:18 | Create | Monk |
| 22:28 | Create | Villager (Male) |
| 22:36 | Create | Villager (Male) |
| 22:38 | Build | Farm |
Build order — The nicest husband
First 150 of 502 actions detected
| 0:00 | Create | Villager (Male) ×4 |
| 0:02 | Build | House |
| 0:02 | Build | House |
| 1:31 | Create | Villager (Male) |
| 1:50 | Create | Villager (Male) |
| 1:51 | Build | Lumber Camp |
| 2:20 | Create | Villager (Male) |
| 2:50 | Create | Villager (Male) |
| 2:51 | Create | Villager (Male) |
| 3:29 | Create | Villager (Male) |
| 4:01 | Create | Villager (Male) |
| 4:04 | Build | House |
| 4:30 | Create | Villager (Male) |
| 4:30 | Create | Villager (Male) |
| 4:39 | Build | Barracks |
| 4:53 | Create | Villager (Male) |
| 5:01 | Build | Palisade Wall |
| 5:01 | Build | Palisade Wall |
| 5:07 | Build | Palisade Wall |
| 5:09 | Build | Palisade Wall |
| 5:15 | Build | Palisade Wall |
| 5:31 | Create | Villager (Male) |
| 5:31 | Create | Villager (Male) |
| 5:42 | Build | House |
| 5:50 | Create | Villager (Male) |
| 5:50 | Create | Villager (Male) |
| 5:59 | Build | House |
| 6:15 | Create | Militia |
| 6:15 | Create | Militia |
| 6:20 | Build | Mill |
| 6:28 | Build | Palisade Wall |
| 6:35 | Create | Militia |
| 6:45 | Create | Villager (Male) |
| 6:49 | Build | Palisade Wall |
| 6:54 | Build | Palisade Wall |
| 6:56 | Build | Palisade Wall |
| 6:58 | Create | Villager (Male) |
| 7:31 | Create | Villager (Male) |
| 7:55 | Create | Villager (Male) |
| 8:05 | Build | Palisade Wall |
| 8:07 | Build | Palisade Wall |
| 8:10 | Build | Palisade Wall |
| 8:11 | Build | Palisade Wall |
| 8:12 | Build | Palisade Wall |
| 8:41 | Create | Villager (Male) |
| 8:57 | Build | Palisade Wall |
| 9:05 | Build | Mining Camp |
| 9:12 | Research | Feudal Age |
| 9:22 | Build | Palisade Wall |
| 9:23 | Create | Villager (Male) |
| 9:36 | Build | House |
| 9:40 | Build | Palisade Wall |
| 9:52 | Build | House |
| 9:53 | Build | Palisade Wall |
| 10:15 | Build | Palisade Wall |
| 10:25 | Research | Loom |
| 11:10 | Create | Villager (Male) |
| 11:12 | Build | Farm |
| 11:12 | Build | Farm |
| 11:13 | Build | Farm |
| 11:22 | Age | Feudal Age |
| 11:24 | Build | House |
| 11:25 | Create | Villager (Male) |
| 11:42 | Build | Palisade Wall |
| 11:43 | Build | Palisade Wall |
| 11:46 | Build | Palisade Wall |
| 11:48 | Create | Villager (Male) |
| 11:50 | Build | Palisade Wall |
| 11:51 | Build | Palisade Wall |
| 11:52 | Build | Palisade Wall |
| 11:55 | Build | Palisade Wall |
| 11:57 | Create | Villager (Male) |
| 11:59 | Build | Palisade Wall |
| 12:01 | Build | Palisade Wall |
| 12:02 | Build | Palisade Wall |
| 12:05 | Create | Villager (Male) |
| 12:15 | Create | Villager (Male) |
| 12:16 | Build | Archery Range |
| 12:31 | Build | House |
| 12:36 | Build | Farm |
| 12:46 | Create | Villager (Male) |
| 12:52 | Build | Farm |
| 12:56 | Create | Archer |
| 13:12 | Create | Villager (Male) |
| 13:13 | Build | Farm |
| 13:21 | Create | Villager (Male) |
| 13:35 | Build | Farm |
| 13:39 | Create | Villager (Male) |
| 13:44 | Build | House |
| 13:56 | Create | Villager (Male) |
| 14:11 | Create | Villager (Male) |
| 14:17 | Create | Villager (Male) |
| 14:21 | Create | Archer |
| 14:46 | Build | Farm |
| 14:48 | Build | Farm |
| 15:01 | Build | Farm |
| 15:03 | Create | Skirmisher |
| 15:05 | Create | Skirmisher |
| 15:07 | Create | Villager (Male) |
| 15:16 | Build | Farm |
| 15:29 | Build | House |
| 15:31 | Build | Palisade Wall |
| 15:46 | Create | Villager (Male) |
| 16:02 | Build | Blacksmith |
| 16:10 | Create | Villager (Male) |
| 16:10 | Create | Villager (Male) |
| 16:12 | Build | Farm |
| 16:19 | Create | Archer |
| 16:20 | Create | Archer |
| 16:24 | Build | House |
| 16:29 | Create | Archer |
| 16:30 | Create | Villager (Male) |
| 16:33 | Create | Spearman |
| 16:37 | Build | Palisade Wall |
| 17:06 | Create | Villager (Male) |
| 17:08 | Build | House |
| 17:09 | Build | Palisade Wall |
| 17:26 | Build | Market |
| 17:36 | Build | Farm |
| 17:53 | Build | Farm |
| 17:55 | Create | Villager (Male) |
| 18:36 | Research | Castle Age |
| 18:54 | Create | Archer |
| 18:59 | Create | Archer |
| 19:05 | Research | Fletching |
| 19:22 | Build | Archery Range |
| 19:31 | Build | Lumber Camp |
| 19:32 | Create | Villager (Male) |
| 19:39 | Create | Archer |
| 20:02 | Research | Gold Mining |
| 20:06 | Create | Archer |
| 20:17 | Create | Villager (Male) |
| 20:35 | Build | Market |
| 20:55 | Create | Villager (Male) |
| 21:03 | Build | House |
| 21:04 | Build | House |
| 21:08 | Build | House |
| 21:16 | Age | Castle Age |
| 21:19 | Research | Bodkin Arrow |
| 21:19 | Research | Crossbowman (upgrade) |
| 21:24 | Build | Town Center |
| 21:55 | Create | Archer |
| 21:55 | Create | Archer |
| 21:56 | Create | Villager (Male) |
| 21:57 | Create | Villager (Male) |
| 22:07 | Create | Villager (Male) |
| 22:15 | Create | Villager (Male) |
| 22:18 | Create | Archer |
| 22:18 | Create | Archer |
| 22:33 | Create | Villager (Male) |
Match timeline
| 2:37 | Black Lotus · first_building Barracks |
| 4:39 | The nicest husband · first_building Barracks |
| 5:01 | The nicest husband · wall_segment Palisade Wall x1 |
| 5:01 | The nicest husband · wall_segment Palisade Wall x1 |
| 5:07 | The nicest husband · wall_segment Palisade Wall x1 |
| 5:09 | The nicest husband · wall_segment Palisade Wall x1 |
| 5:15 | The nicest husband · wall_segment Palisade Wall x1 |
| 6:28 | The nicest husband · wall_segment Palisade Wall x8 |
| 6:49 | The nicest husband · wall_segment Palisade Wall x1 |
| 6:54 | The nicest husband · wall_segment Palisade Wall x1 |
| 6:56 | The nicest husband · wall_segment Palisade Wall x1 |
| 8:05 | The nicest husband · wall_segment Palisade Wall x1 |
| 8:07 | The nicest husband · wall_segment Palisade Wall x1 |
| 8:10 | The nicest husband · wall_segment Palisade Wall x1 |
| 8:11 | The nicest husband · wall_segment Palisade Wall x1 |
| 8:12 | The nicest husband · wall_segment Palisade Wall x1 |
| 8:46 | Black Lotus · wall_segment Palisade Wall x1 |
| 8:57 | The nicest husband · wall_segment Palisade Wall x1 |
| 9:22 | The nicest husband · wall_segment Palisade Wall x1 |
| 9:40 | The nicest husband · wall_segment Palisade Wall x12 |
| 9:52 | Black Lotus · wall_segment Palisade Wall x1 |
| 9:53 | The nicest husband · wall_segment Palisade Wall x1 |
| 9:57 | Black Lotus · age_up feudal |
| 10:15 | The nicest husband · wall_segment Palisade Wall x5 |
| 10:23 | Black Lotus · first_building Archery Range |
| 11:22 | The nicest husband · age_up feudal |
| 11:42 | The nicest husband · wall_segment Palisade Wall x1 |
| 11:43 | The nicest husband · wall_segment Palisade Wall x1 |
| 11:46 | The nicest husband · wall_segment Palisade Wall x1 |
| 11:50 | The nicest husband · wall_segment Palisade Wall x1 |
| 11:51 | The nicest husband · wall_segment Palisade Wall x1 |
| 11:52 | The nicest husband · wall_segment Palisade Wall x1 |
| 11:55 | The nicest husband · wall_segment Palisade Wall x1 |
| 11:59 | The nicest husband · wall_segment Palisade Wall x1 |
| 12:01 | The nicest husband · wall_segment Palisade Wall x1 |
| 12:02 | The nicest husband · wall_segment Palisade Wall x1 |
| 12:16 | The nicest husband · first_building Archery Range |
| 13:50 | Black Lotus · wall_segment Palisade Wall x8 |
| 14:16 | Black Lotus · wall_segment Palisade Wall x4 |
| 14:47 | Black Lotus · wall_segment Palisade Wall x1 |
| 15:31 | The nicest husband · wall_segment Palisade Wall x16 |
| 16:07 | Black Lotus · wall_segment Palisade Wall x6 |
| 16:37 | The nicest husband · wall_segment Palisade Wall x10 |
| 17:09 | The nicest husband · wall_segment Palisade Wall x1 |
| 17:44 | Black Lotus · wall_segment Palisade Wall x1 |
| 19:33 | Black Lotus · age_up castle |
| 19:45 | Black Lotus · first_building Monastery |
| 21:16 | The nicest husband · age_up castle |
| 23:46 | Black Lotus · first_building Siege Workshop |
| 24:02 | The nicest husband · first_market_buy 100 food |
| 24:33 | The nicest husband · first_building Monastery |
| 25:20 | The nicest husband · first_market_sell 100 food |
| 30:40 | The nicest husband · first_building Stable |
| 31:40 | Black Lotus · first_building Stable |
| 33:37 | Black Lotus · first_market_buy 100 food |
| 34:17 | The nicest husband · first_building Castle |
| 34:48 | Black Lotus · first_building Castle |
| 38:15 | The nicest husband · age_up imperial |
| 39:24 | Black Lotus · age_up imperial |
| 39:25 | Black Lotus · first_market_sell 100 food |
| 41:02 | The nicest husband · wall_segment Stone Wall x5 |
| 41:07 | The nicest husband · wall_segment Stone Wall x16 |
| 41:12 | The nicest husband · wall_segment Stone Wall x18 |
| 44:50 | Black Lotus · resign |
[ AI ANALYSIS · 1 CREDIT ]
What really happened in this match?
Wolo.gg analyzes every decision: build order, eco, micro, common mistakes by bracket. Personalized analysis on WhatsApp or Discord in 30 seconds.
Civ guide
Georgians
Perfil
Jugador #941790